 Dungeon Crawl Stone Soup version 0.27-a0-1158-gaa87e14f67 (webtiles) character file.

Game seed: 12618609694899649768

8043 freelancePsychic the Fighter (level 11, 0/147 HPs)
             Began as a Gnoll Wanderer on May 15, 2021.
             Was a Priest of Cheibriados.
             Succumbed to a water moccasin's poison
             ... on level 1 of the Lair of Beasts.
             The game lasted 00:34:15 (13616 turns).

freelancePsychic the Fighter (Gnoll Wanderer)      Turns: 13616, Time: 00:34:15

Health: 0/147      AC: 25    Str: 18 (19) XL:     11   Next: 24%
Magic:  15/20      EV:  2    Int: 23      God:    Cheibriados [***...]
Gold:   472        SH:  0    Dex: 22      Spells: 15/22 levels left

rFire    + . .     SeeInvis .   a - +2 whip (elec)
rCold    + . .     Faith    .   (no shield)
rNeg     + + +     Spirit   .   (armour currently unavailable)
rPois    +         Reflect  .   (helmet currently unavailable)
rElec    +         Harm     .   (cloak currently unavailable)
rCorr    +         Rampage  .   (gloves currently unavailable)
Will     .....     NoTele   +   (boots currently unavailable)
Stlth    ++++......             (no amulet)
HPRegen  0.34/turn              (no ring)
MPRegen  0.17/turn              (no ring)

@: brilliant, lethally poisoned (0 -> -5), tree-form, resistant, attractive,
hasted, slow
A: stationary, stasis, torment immunity, boosted hp, (fangs 1), strong nose,
distributed training, agile 1
a: Renounce Religion, Bend Time, Temporal Distortion


You were on level 1 of the Lair of Beasts.
You worshipped Cheibriados.
Cheibriados was most pleased with you.
You were a tree.
You visited 2 branches of the dungeon, and saw 10 of its levels.

You collected 472 gold pieces.

Inventory:

Hand Weapons
 a - a +2 whip of electrocution (weapon)
 b - a +2 whip of draining
 m - a +2 scimitar of flaming
 n - a +1 whip of flaming
 o - a +3 glaive of venom
 p - a +4 great sword
 w - a +0 arbalest of freezing
Missiles
 t - 20 poisoned darts
 G - a curare-tipped dart
Armour
 h - a +2 helmet (melded)
 q - a +2 cloak (melded)
 A - the +10 plate armour of Immuxeab (melded) {Contam rN+ Int+4}
   (You found it on level 7 of the Dungeon)

   It affects your intelligence (+4).
   It protects you from negative energy.
   It causes magical contamination when unequipped.
Magical Staves
 r - a staff of death
Jewellery
 k - a ring of ice
 C - a +6 ring of strength
 E - an amulet of the acrobat
Wands
 s - a wand of paralysis (2)
 v - a wand of polymorph (10) (quivered)
 y - a wand of flame (14)
 H - a wand of iceblast (6)
 J - a wand of mindburst (13)
Scrolls
 z - 2 scrolls of amnesia
 B - 4 scrolls of identify {@r1}
 I - a scroll of magic mapping
Potions
 c - 3 potions of flight
 l - 3 potions of lignification
Miscellaneous
 K - a phial of floods (inert)


   Skills:
 + Level 13.2 Fighting
 + Level 6.1 Short Blades
 + Level 6.1 Long Blades
 + Level 6.1 Axes
 + Level 6.1 Maces & Flails
 + Level 6.1 Polearms
 + Level 6.1 Staves
 + Level 6.1 Slings
 + Level 6.1 Bows
 + Level 6.1 Crossbows
 + Level 6.1 Throwing
 + Level 6.7 Armour
 + Level 6.1 Dodging
 + Level 6.6 Stealth
 + Level 7.7 Shields
 + Level 6.1 Unarmed Combat
 + Level 6.1 Spellcasting
 + Level 5.0 Conjurations
 + Level 5.0 Hexes
 + Level 5.0 Summonings
 + Level 5.0 Necromancy
 + Level 5.0 Translocations
 + Level 5.0 Transmutations
 + Level 5.0 Fire Magic
 + Level 5.0 Ice Magic
 + Level 5.0 Air Magic
 + Level 5.0 Earth Magic
 + Level 5.0 Poison Magic
 + Level 6.7 Invocations
 + Level 6.1 Evocations


You had 15 spell levels left.
You knew the following spells:

 Your Spells              Type           Power      Damage    Failure   Level
a - Mephitic Cloud        Conj/Pois/Air  45%        N/A       3%          3
b - Poisonous Vapours     Pois/Air       90%        N/A       1%          2
c - Blink                 Tloc           N/A        N/A       1%          2

Your spell library contained the following spells:

 Spells                   Type           Power      Damage    Failure   Level
 Magic Dart               Conj           100%       1d8       1%          1
 Sting                    Tmut/Pois      100%       1d8       1%          1
 Call Imp                 Summ           45%        N/A       1%          2
 Slow                     Hex            45%        N/A       1%          2
 Conjure Flame            Conj/Fire      45%        6-21      3%          3
 Spider Form              Tmut/Pois      22%        N/A       3%          3
 Olgreb's Toxic Radiance  Pois           45%        N/A       11%         4
 Eringya's Noxious Bog    Tmut/Pois      22%        N/A       85%         6


Dungeon Overview and Level Annotations

Branches:
Dungeon (9/15)             Temple (0/1) D:4            Lair (1/6) D:9
    Orc: D:9-12

Altars:
Ashenzari
Cheibriados
Gozag
Nemelex Xobeh
Qazlal
Ru
Sif Muna
Trog
Uskayaw
Vehumet
Wu Jian
Xom
The Shining One

Shops:
D:1 [


Innate Abilities, Weirdness & Mutations

You are a tree.
Your roots penetrate the ground, keeping you stationary.
You cannot be teleported.
You are immune to unholy pain and torment.
Your maximum health is greatly increased.
Your equipment is partially melded.
((You have very sharp teeth.))
Your uncanny sense of smell can sniff out nearby items.
Your experience applies equally to all skills.
You are agile. (Dex +2)


Message History

You hit the cane toad.
Lightning courses through the cane toad!
You kill the cane toad!
Cheibriados appreciates the change of pace.
* * * LOW HITPOINT WARNING * * *
You feel sick.
The water moccasin bites you but does no damage.
Okay, then.
You whack the water moccasin!
The water moccasin is heavily wounded.
* * * LOW HITPOINT WARNING * * *
You feel sick.
You miss the water moccasin.
You punch the water moccasin, but do no damage.
The water moccasin is heavily wounded.
* * * LOW HITPOINT WARNING * * *
You feel sick. The water moccasin barely misses you.
You hit the water moccasin but do no damage.
The water moccasin is heavily wounded.
* * * LOW HITPOINT WARNING * * *
You feel sick.
The water moccasin bites you but does no damage.
You hit the water moccasin.
The water moccasin is severely wounded.
* * * LOW HITPOINT WARNING * * *
You feel sick.
The water moccasin bites you but does no damage.
You can feel time thicken for a moment.
You kill the water moccasin!
Cheibriados appreciates the change of pace.
You can no longer inflict damage on those overly hasty.
Cheibriados lowers the support of your attributes as your movement quickens.
* * * LOW HITPOINT WARNING * * *
You feel sick.
You feel your strength returning.
* * * LOW HITPOINT WARNING * * *
You feel sick.
* * * LOW HITPOINT WARNING * * *
You feel sick.
You die...

### ####♣# #
..###P§§§##.#
).....§.§§..##
.......<†≈≈≈≈#
.....≈.≈≈≈≈≈...#
...≈≈≈≈≈≈≈≈≈≈.##
....≈≈≈≈≈≈≈≈≈.#
#...≈≈≈≈≈≈≈≈.##
##..≈≈≈≈≈≈≈..#


There were no monsters in sight!

Vanquished Creatures
  Erica (D:9)
  4 death yaks
  Urug (Lair:1)
  A cane toad (Lair:1)
  A hornet (D:7)
  Grinder (D:4)
  Sigmund (D:2)
  A yak (D:9)
  A steam dragon (D:9)
  Menkaure (D:5)
  3 water moccasins
  4 orc warriors
  An ice beast (D:7)
  A sky beast (D:5)
  2 phantoms
  2 bullfrogs
  A kobold brigand (D:6)
  Blork the orc (D:6)
  2 scorpions
  A wyvern zombie (D:9)
  7 wights
  5 killer bees (D:8)
  A centaur zombie (D:8)
  Crazy Yiuf (D:3)
  A hound (D:5)
  5 orc priests
  2 jellies (D:7)
  A centaur skeleton (D:4)
  2 bullfrog skeletons (D:4)
  4 iguanas
  4 orc wizards
  2 hound skeletons (D:4)
  A hound zombie (D:5)
  A howler monkey zombie (D:5)
  19 gnolls
  12 adders
  A river rat (D:3)
  3 white imps
  4 worms
  A dart slug (D:2)
  31 orcs
  5 ball pythons
  5 bats
  5 endoplasms
  4 giant cockroaches
  6 goblins
  11 hobgoblins
  27 jackals
  3 quokkas
  2 frilled lizards (D:1)
  19 kobolds
  6 rats
232 creatures vanquished.

Vanquished Creatures (collateral kills)
  A centaur (D:9)
  A kobold brigand (D:9)
  2 orc priests (D:9)
  An orc wizard (D:9)
  An orc (D:9)
  2 kobolds (D:9)
8 creatures vanquished.

Vanquished Creatures (others)
  An electric eel (Lair:1)
  A kobold (D:9)
  A fungus (Lair:1)
3 creatures vanquished.

Grand Total: 243 creatures vanquished

Notes
Turn   | Place    | Note
-------+----------+-------------------------------------------
     0 | D:1      | Reached skill level 12 in Fighting
     0 | D:1      | freelancePsychic the Gnoll Wanderer began the quest for the
                  | Orb.
     0 | D:1      | freelancePsychic set off with the following items: a +2
                  | spear, a +0 falchion, a potion of curing {@q1}, a +0 robe
     0 | D:1      | Reached XP level 1. HP: 31/31 MP: 1/1
    58 | D:1      | Found a faded altar of an unknown god.
   273 | D:1      | Reached XP level 2. HP: 38/38 MP: 2/2
   845 | D:1      | Found Ryis's Antique Armour Boutique.
  1050 | D:1      | Reached XP level 3. HP: 44/44 MP: 3/3
  1323 | D:2      | Reached skill level 1 in Invocations
  1685 | D:2      | You fall into a shaft and drop 2 floors!
  1689 | D:4      | Found a broken altar of Ashenzari.
  1690 | D:4      | Noticed a scorpion
  1697 | D:4      | Reached skill level 1 in Short Blades
  1697 | D:4      | Reached skill level 1 in Long Blades
  1697 | D:4      | Reached skill level 1 in Axes
  1697 | D:4      | Reached skill level 1 in Maces & Flails
  1697 | D:4      | Reached skill level 1 in Polearms
  1697 | D:4      | Reached skill level 1 in Staves
  1697 | D:4      | Reached skill level 1 in Slings
  1697 | D:4      | Reached skill level 1 in Bows
  1697 | D:4      | Reached skill level 1 in Crossbows
  1697 | D:4      | Reached skill level 1 in Throwing
  1697 | D:4      | Reached skill level 1 in Dodging
  1697 | D:4      | Reached skill level 1 in Unarmed Combat
  1697 | D:4      | Reached skill level 1 in Spellcasting
  1697 | D:4      | Reached skill level 1 in Evocations
  1697 | D:4      | Reached XP level 4. HP: 48/51 MP: 5/5
  1729 | D:5      | Entered Level 5 of the Dungeon
  1765 | D:5      | Reached skill level 1 in Conjurations
  1765 | D:5      | Reached skill level 1 in Hexes
  1765 | D:5      | Reached skill level 1 in Summonings
  1765 | D:5      | Reached skill level 1 in Necromancy
  1765 | D:5      | Reached skill level 1 in Translocations
  1765 | D:5      | Reached skill level 1 in Transmutations
  1765 | D:5      | Reached skill level 1 in Fire Magic
  1765 | D:5      | Reached skill level 1 in Ice Magic
  1765 | D:5      | Reached skill level 1 in Air Magic
  1765 | D:5      | Reached skill level 1 in Earth Magic
  1765 | D:5      | Reached skill level 1 in Poison Magic
  1871 | D:5      | Reached XP level 5. HP: 57/57 MP: 6/6
  2083 | D:5      | Identified the +2 robe of the Meadowlark {Harm +Inv Regen+}
  2113 | D:5      | Found a snail-covered altar of Cheibriados.
  2113 | D:5      | Noticed a torpor snail
  2113 | D:5      | Noticed a torpor snail
  2114 | D:5      | Noticed a torpor snail
  2180 | D:5      | Reached XP level 6. HP: 48/64 MP: 8/8
  2578 | D:5      | Reached skill level 5 in Shields
  2699 | D:5      | Became a worshipper of Cheibriados the Contemplative
  2723 | D:5      | Noticed a sky beast
  2753 | D:5      | Killed a sky beast
  2754 | D:5      | Reached XP level 7. HP: 40/70 MP: 10/10
  3002 | D:4      | Gained mutation: You are agile. (Dex +2) [potion of
                  | mutation]
  3846 | D:4      | Reached * piety under Cheibriados
  4296 | D:3      | Found a shimmering altar of Xom.
  4381 | D:3      | Found a bloodstained altar of Trog.
  4602 | D:3      | Reached ** piety under Cheibriados
  4624 | D:3      | Found a radiant altar of Vehumet.
  4679 | D:3      | Reached XP level 8. HP: 62/77 MP: 12/12
  5121 | D:3      | Found a runed translucent door.
  5122 | D:3      | Noticed Crazy Yiuf
  5134 | D:3      | Killed Crazy Yiuf
  5275 | D:2      | Learned a level 3 spell: Mephitic Cloud
  5374 | D:2      | Noticed Sigmund
  5394 | D:2      | Killed Sigmund
  5833 | D:4      | Found an opulent altar of Gozag.
  5949 | D:4      | Reached *** piety under Cheibriados
  6263 | D:4      | Noticed Grinder
  6273 | D:4      | Killed Grinder
  6325 | D:4      | Found a staircase to the Ecumenical Temple.
  6581 | D:4      | Found a sacrificial altar of Ru.
  6581 | D:4      | Found a sparkling altar of Nemelex Xobeh.
  6949 | D:5      | Noticed Menkaure
  6956 | D:5      | Killed Menkaure
  7031 | D:5      | Identified the Catalogue of Poisoning
  7119 | D:5      | Learned a level 2 spell: Blink
  7428 | D:5      | Reached XP level 9. HP: 69/83 MP: 6/14
  8170 | D:6      | Noticed Blork the orc
  8614 | D:6      | Reached **** piety under Cheibriados
  8947 | D:6      | Killed Blork the orc
  9273 | D:6      | Learned a level 2 spell: Poisonous Vapours
  9831 | D:6      | Found a stormy altar of Qazlal.
 10343 | D:7      | Identified the +10 plate armour of Immuxeab {Contam rN+
                  | Int+4}
 10467 | D:7      | Reached skill level 5 in Armour
 10667 | D:7      | Reached skill level 5 in Stealth
 11175 | D:8      | Noticed a hornet
 11184 | D:7      | Paralysed by a hornet for 3 turns
 11188 | D:7      | Killed a hornet
 11189 | D:7      | Reached skill level 5 in Invocations
 12083 | D:8      | Reached XP level 10. HP: 75/91 MP: 17/17
 12312 | D:8      | Found a glowing golden altar of the Shining One.
 12481 | D:9      | Noticed Erica
 12501 | D:9      | Killed Erica
 12502 | D:9      | Reached skill level 5 in Short Blades
 12502 | D:9      | Reached skill level 5 in Long Blades
 12502 | D:9      | Reached skill level 5 in Axes
 12502 | D:9      | Reached skill level 5 in Maces & Flails
 12502 | D:9      | Reached skill level 5 in Polearms
 12502 | D:9      | Reached skill level 5 in Staves
 12502 | D:9      | Reached skill level 5 in Slings
 12502 | D:9      | Reached skill level 5 in Bows
 12502 | D:9      | Reached skill level 5 in Crossbows
 12502 | D:9      | Reached skill level 5 in Throwing
 12502 | D:9      | Reached skill level 5 in Dodging
 12502 | D:9      | Reached skill level 5 in Unarmed Combat
 12502 | D:9      | Reached skill level 5 in Spellcasting
 12502 | D:9      | Reached skill level 5 in Evocations
 12506 | D:9      | Noticed a death yak
 12508 | D:9      | Noticed a death yak
 12650 | D:9      | Found an ornate altar of the Wu Jian Council.
 12771 | D:9      | Noticed a death yak
 12780 | D:9      | Noticed a death yak
 12787 | D:8      | Killed a death yak
 12788 | D:8      | Reached skill level 13 in Fighting
 12789 | D:9      | Noticed a death yak
 12805 | D:8      | Killed a death yak
 12902 | D:9      | Noticed a death yak
 12906 | D:9      | Found a staircase to the Lair.
 12913 | D:9      | Noticed a death yak
 13360 | D:9      | Found a hide-covered altar of Uskayaw.
 13526 | D:9      | Found a shimmering blue altar of Sif Muna.
 13567 | Lair:1   | Entered Level 1 of the Lair of Beasts
 13575 | Lair:1   | Noticed Urug
 13589 | Lair:1   | Killed a death yak
 13590 | Lair:1   | Reached XP level 11. HP: 47/98 MP: 19/19
 13595 | Lair:1   | Killed Urug
 13601 | Lair:1   | Killed a death yak
 13602 | Lair:1   | Reached skill level 5 in Conjurations
 13602 | Lair:1   | Reached skill level 5 in Hexes
 13602 | Lair:1   | Reached skill level 5 in Summonings
 13602 | Lair:1   | Reached skill level 5 in Necromancy
 13602 | Lair:1   | Reached skill level 5 in Translocations
 13602 | Lair:1   | Reached skill level 5 in Transmutations
 13602 | Lair:1   | Reached skill level 5 in Fire Magic
 13602 | Lair:1   | Reached skill level 5 in Ice Magic
 13602 | Lair:1   | Reached skill level 5 in Air Magic
 13602 | Lair:1   | Reached skill level 5 in Earth Magic
 13602 | Lair:1   | Reached skill level 5 in Poison Magic
 13609 | Lair:1   | HP: 7/147 [poisoned by a water moccasin]
 13613 | Lair:1   | HP: 3/147 [poisoned by a water moccasin]
 13614 | Lair:1   | HP: 1/147 [poisoned by a water moccasin]
 13616 | Lair:1   | Succumbed to a water moccasin's poison

Illustrated notes

Levels and vault maps discovered:
D:1:      dpeg_arrival_prison, layout_loops_ring, serial_shops, shop_statue,
          shapermc_ecumenical_altar_totnotflames, minmay_fountain_box
D:2:      layout_loops_ring, uniq_sigmund
D:3:      layout_loops_cross, lemuel_doored_altar, overflow_temple_1_default,
          nicolae_vehumet_altar_sigil, lightli_sewer_entry_pipes,
          kennysheep_generic_room_13, uniq_crazy_yiuf_cottage
D:4:      layout_loops_ring, nicolae_gozag_cash_rules_everything_around_me,
          old_standard_altar, gammafunk_temple_overflow_elements,
          minmay_temple_entry_grid, chequers_serial_rivers_small_3, uniq_grinder
D:5:      layout_loops_ring, cheibriados_altar_2, uniq_menkaure
D:6:      layout_layer_cave, grunt_qazlal_clouds, minivault_5, st_stairs_11,
          uniq_blork_the_orc
D:7:      layout_basic
D:8:      layout_cave_pools, amcnicky_altar_gilded
D:9:      layout_small_grid, nicolae_uskayaw_suspiria, led_sif_pool,
          nicolae_wu_jian_wuxing_cycle, dpeg_lair_monsters, uniq_erica
Lair:1:   layout_cave_pods, infiniplex_staircase_pool, serial_bayou_shore_b,
          uniq_prince_ribbit2, uniq_urug

Skill      XL: |  1  2  3  4  5  6  7  8  9 10 11 |
---------------+----------------------------------+-----
Fighting       | 13 | 13.2
Invocations    | 1 2 3 4 5 6 |  6.7
Short Blades   | 1 2 3 4 5 6 |  6.1
Long Blades    | 1 2 3 4 5 6 |  6.1
Axes           | 1 2 3 4 5 6 |  6.1
Maces & Flails | 1 2 3 4 5 6 |  6.1
Polearms       | 1 2 3 4 5 6 |  6.1
Staves         | 1 2 3 4 5 6 |  6.1
Slings         | 1 2 3 4 5 6 |  6.1
Bows           | 1 2 3 4 5 6 |  6.1
Crossbows      | 1 2 3 4 5 6 |  6.1
Throwing       | 1 2 3 4 5 6 |  6.1
Dodging        | 1 2 3 4 5 6 |  6.1
Unarmed Combat | 1 2 3 4 5 6 |  6.1
Spellcasting   | 1 2 3 4 5 6 |  6.1
Evocations     | 1 2 3 4 5 6 |  6.1
Conjurations   | 1 2 3 4 5 |  5.0
Hexes          | 1 2 3 4 5 |  5.0
Summonings     | 1 2 3 4 5 |  5.0
Necromancy     | 1 2 3 4 5 |  5.0
Translocations | 1 2 3 4 5 |  5.0
Transmutations | 1 2 3 4 5 |  5.0
Fire Magic     | 1 2 3 4 5 |  5.0
Ice Magic      | 1 2 3 4 5 |  5.0
Air Magic      | 1 2 3 4 5 |  5.0
Earth Magic    | 1 2 3 4 5 |  5.0
Poison Magic   | 1 2 3 4 5 |  5.0
Armour         | 3 4 5 6 |  6.7
Stealth        | 3 4 5 6 |  6.6
Shields        | 5 6 7 |  7.7

Action                   |  1- 3 |  4- 6 |  7- 9 | 10-12 || total
-------------------------+-------+-------+-------+-------++-------
Melee: Spear             |   125 |   146 |    70 |       ||   341
       Bite              |     8 |    10 |    93 |    21 ||   132
       Punch             |     2 |       |    13 |     4 ||    19
       Halberd           |       |    12 |    63 |       ||    75
       Whip              |       |       |   461 |   100 ||   561
Throw: Dart              |       |       |    13 |    13 ||    26
 Cast: Mephitic Cloud    |       |       |    10 |       ||    10
       Blink             |       |       |     8 |       ||     8
       Poisonous Vapours |       |       |     8 |       ||     8
Invok: Bend Time         |       |       |     4 |     1 ||     5
       Slouch            |       |       |     2 |     2 ||     4
Evoke: Wand              |       |       |       |     7 ||     7
       Phial of floods   |       |       |       |     1 ||     1
  Use: Scroll            |     2 |       |    10 |     9 ||    21
       Potion            |       |       |     5 |    11 ||    16
 Stab: Sleeping          |     4 |       |     5 |       ||     9
       Distracted        |       |       |     1 |       ||     1
       Confused          |       |       |     7 |       ||     7
Armor: Robe              |    36 |     1 |       |       ||    37
       Chain mail        |       |    74 |    65 |       ||   139
       Ring mail         |       |       |   120 |       ||   120
       Plate armour      |       |       |   104 |    64 ||   168
       Skin              |       |       |       |    13 ||    13
Dodge: Dodged            |    53 |    37 |   402 |    36 ||   528

Table legend: (Time is in decaauts)
 A = Elapsed time spent in this place.
 B = Non-inter-level travel time spent in this place.
 C = Inter-level travel time spent in this place.
 D = Time resting spent in this place.
 E = Time spent auto-exploring this place.
 F = Levels seen in this place.
 G = Mean time per level.
                   A        B        C        D        E       F      G
               +--------+--------+--------+--------+--------+-----+--------+
         Total |  17019 |  15894 |   1125 |   3700 |   9512 |  10 | 1701.9 |
       Dungeon |  16983 |  15858 |   1125 |   3700 |   9512 |   9 | 1887.0 |
          Lair |     36 |     36 |      0 |      0 |      0 |   1 |   36.0 |
               +--------+--------+--------+--------+--------+-----+--------+

Top non-repeatable levels by time:
     D:5: 3405 daAuts
     D:4: 2658 daAuts
     D:6: 2425 daAuts
     D:3: 1720 daAuts
     D:7: 1650 daAuts
     D:8: 1429 daAuts
     D:1: 1289 daAuts
     D:2: 1203 daAuts
     D:9: 1201 daAuts
  Lair:1: 36 daAuts
